AoeStats
← AiM | CanvaL

Nomad

505664994Analyzed
4v4 RM · 22d ago on Sep 10, 2026· 42m 44s· 8 players
Game mode
Random Map
Map size
231×231
Population
200
Speed
Normal
Resources
Standard
Victory
Conquest
Starting age
Dark Age
Ending age
Imperial Age
RankedLock teamsTeams togetherTeam positionsShared explorationLock speedFull tech treeHidden civsTurbo modeCheats
Victory
Defeat
1551
+5
1367
+10
🇨🇳 Franks · China
1025
+23
🇨🇳 Mongols · China
975
+24
🇹🇼 Spanish · Taiwan
1237
-16
🇫🇷 Persians · France
1234
-16
🇨🇳 Japanese · China
1209
-15
🇨🇱 Italians · Chile
1207
-15
AiM | CanvaL
4:45 Loom
12:49 Feudal Age
16:54 Castle Age
14:57 Double-Bit Axe
16:13 Stone Mining
16:21 Horse Collar
18:36 Bow Saw
18:32 Gold Mining
18:48 Fletching
20:36 Padded Archer Armor
23:38 Bodkin Arrow
32:22 Leather Archer Armor
38:25 Imperial Age
37:09 Ballistics
Veritas of the Dark
3:11 Loom
13:34 Feudal Age
18:15 Castle Age
16:35 Double-Bit Axe
19:26 Bow Saw
20:34 Medium Warships
20:26 Fishing Lines
23:26 Horse Collar
24:46 Heavy Plow
24:45 Gold Mining
25:48 Fletching
26:35 Wheelbarrow
29:09 Padded Archer Armor
31:49 Husbandry
34:28 Imperial Age
34:05 Fervor
34:34 Bodkin Arrow
36:18 Leather Archer Armor
36:14 Stone Mining
37:51 Conscription
38:17 Bracer
39:06 Pikeman
39:59 Forging
39:52 Murder Holes
40:43 Scale Mail Armor
robin-47
11:09 Loom
13:38 Feudal Age
17:54 Wheelbarrow
17:07 Double-Bit Axe
23:11 Town Watch
24:41 Fletching
26:54 Fishing Lines
30:08 Castle Age
29:51 Stone Mining
29:42 Horse Collar
29:53 Gold Mining
31:12 Scale Barding Armor
31:26 Bow Saw
31:19 Gillnets
33:02 Bodkin Arrow
35:12 Hand Cart
35:01 Heavy Plow
38:43 Gold Shaft Mining
40:14 Kamandaran
40:34 Scale Mail Armor
41:37 Chain Mail Armor
41:33 Forging
惢丶利安
7:16 Loom
14:09 Feudal Age
19:34 Castle Age
18:52 Stone Mining
21:11 Double-Bit Axe
23:49 Pikeman
26:17 Wheelbarrow
26:11 Bow Saw
26:45 Horse Collar
30:44 Arson
31:34 Squires
32:24 Forging
34:42 Hand Cart
36:00 Iron Casting
38:34 Fletching
DT-Johnson【东】
9:31 Loom
12:50 Feudal Age
16:40 Castle Age
14:44 Fishing Lines
15:41 Stone Mining
16:18 Double-Bit Axe
16:24 Horse Collar
17:01 Gold Mining
18:00 Fletching
18:40 Gillnets
23:57 Bodkin Arrow
24:13 Crossbowman
27:37 Thumb Ring
27:39 Padded Archer Armor
28:25 Elite Skirmisher
29:23 Leather Archer Armor
38:33 Imperial Age
36:54 Wheelbarrow
36:45 Bow Saw
38:40 Heavy Plow
40:28 Bracer
40:11 Elite Elephant Archer
41:23 Ring Archer Armor
41:34 Masonry
43:38 Two-Man Saw
B站胡某怎么还在种田
12:55 Feudal Age
11:41 Loom
14:36 Double-Bit Axe
16:55 Castle Age
15:14 Gold Mining
16:53 Wheelbarrow
18:17 Bow Saw
21:15 Hand Cart
20:58 Fishing Lines
23:05 Horse Collar
25:16 Heavy Plow
30:43 Imperial Age
28:41 Scale Barding Armor
29:27 Gold Shaft Mining
29:24 Forging
29:35 Stone Mining
30:20 Chain Barding Armor
31:12 Iron Casting
31:16 Bloodlines
31:07 Husbandry
30:31 Cavalier
33:00 Plate Barding Armor
35:01 Blast Furnace
33:33 Savar
34:28 Fletching
37:01 Chemistry
37:15 Two-Man Saw
39:09 Coinage
39:59 Bodkin Arrow
40:26 Ballistics
40:42 Conscription
41:05 Banking
41:01 Caravan
41:55 Light Cavalry
42:00 Elite War Elephant
萌萌萌萌少
7:21 Loom
14:00 Feudal Age
14:38 Double-Bit Axe
14:37 Horse Collar
37:53 Castle Age
胡乱敲键盘
8:21 Loom
13:52 Feudal Age
19:08 Double-Bit Axe
22:15 Gold Mining
27:16 Castle Age
25:53 Wheelbarrow
27:03 Scale Barding Armor
28:10 Forging
28:04 Husbandry
34:32 Light Cavalry
36:05 Chain Barding Armor
37:17 Bow Saw
Connection lost

Rejoining the realm…

Still unreachable

The connection could not be restored.

Session expired

The server has moved on; the page needs a fresh start.